 Dungeon Crawl Stone Soup version 0.28-a0-863-g8cecda6153 (webtiles) character file.

Game seed: 12309832739959422882

17613 mandarbmax the Fighter (level 12, -1/133 HPs)
             Began as an Ogre Gladiator on Nov 19, 2021.
             Was a High Priest of Okawaru.
             Slain by a salamander (24 damage)
             ... in a volcano.
             The game lasted 00:30:06 (18184 turns).

mandarbmax the Fighter (Ogre Gladiator)            Turns: 18184, Time: 00:30:07

Health: -1/133     AC: 13    Str: 21    XL:     12   Next: 49%
Magic:  15/15      EV: 14    Int:  9    God:    Okawaru [*****.]
Gold:   305        SH:  5    Dex: 14    Spells: 11/11 levels left

rFire   + . .      SeeInvis .   H - +0 quarterstaff (spect)
rCold   x . .      Faith    .   (shield currently unavailable)
rNeg    . . .      Spirit   .   n - +2 steam dragon scales
rPois   +          Reflect  +   c - +2 hat
rElec   .          Harm     .   b - +2 cloak
rCorr   .          Rampage  .   (gloves unavailable)
Will    +++..                   (boots unavailable)
Stlth   +.........              g - amulet "Mubeovul" {Reflect rPois rF+ rC- Will++ SH+5}
HPRegen 0.32/turn               (no ring)
MPRegen 0.14/turn               (no ring)

@: no status effects
A: large, unfitting armour, tough skin 1
a: Renounce Religion, Heroism, Finesse, Duel


You were in a volcano.
You worshipped Okawaru.
Okawaru was extremely pleased with you.
You visited 3 branches of the dungeon, and saw 14 of its levels.
You also visited: Volcano.

You collected 754 gold pieces.
You spent 449 gold pieces at shops.

Inventory:

Hand Weapons
 H - a +0 spectral quarterstaff (weapon)
 J - a +2 lajatang of flaming
 K - a +0 giant club of flaming
Missiles
 d - 6 throwing nets
 f - 61 poisoned darts
 h - 7 large rocks
 i - 6 boomerangs (quivered)
 w - 4 datura-tipped darts
 y - 3 curare-tipped darts
 C - 3 javelins
 E - 2 silver boomerangs
Armour
 b - a +2 cloak (worn)
 c - a +2 hat (worn)
 n - +2 steam dragon scales (worn)
 I - a scarf of repulsion
Jewellery
 a - a ring of see invisible
 g - the amulet "Mubeovul" (around neck) {Reflect rPois rF+ rC- Will++ SH+5}
   (You acquired it on level 3 of the Dungeon)

   [amulet of reflection]

   It reflects blocked missile attacks.
   rF:        It protects you from fire.
   rC:        It makes you vulnerable to cold.
   rPois:     It protects you from poison.
   SH:        It affects your SH (+5).
   Will:      It greatly increases your willpower.
 z - an amulet of faith
 A - an amulet of magic regeneration
Wands
 p - a wand of charming (13)
 r - a wand of iceblast (1)
 x - a wand of flame (30)
Scrolls
 k - 5 scrolls of teleportation
 l - a scroll of amnesia
 o - 3 scrolls of fear
 v - a scroll of vulnerability
 B - a scroll of magic mapping
 G - a scroll of identify
Potions
 e - a potion of brilliance
 j - 2 potions of might
 m - 7 potions of curing
 q - a potion of resistance {unknown}
 s - a potion of magic
 t - 2 potions of heal wounds
 u - 2 potions of flight
 D - a potion of invisibility
 F - 3 potions of attraction


   Skills:
 + Level 12.7 Fighting
 + Level 12.4 Staves
 + Level 6.9 Throwing
 + Level 9.3 Dodging
 - Level 4.0 Invocations
 - Level 4.0 Evocations


You had 11 spell levels left.
You didn't know any spells.
Your spell library contained the following spells:

 Spells                   Type           Power      Damage    Failure   Level
 Magic Dart               Conj           0%         1d3       38%         1
 Slow                     Hex            0%         N/A       38%         1
 Corpse Rot               Necr/Air       0%         N/A       52%         2
 Poisonous Vapours        Pois/Air       0%         N/A       52%         2
 Confusing Touch          Hex            0%         N/A       77%         3
 Ignite Poison            Fire/Tmut/Pois 0%         N/A       77%         3
 Mephitic Cloud           Conj/Pois/Air  0%         N/A       77%         3
 Ozocubu's Armour         Ice            0%         N/A       77%         3
 Freezing Cloud           Conj/Ice/Air   0%         6-21      100%        5
 Yara's Violent Unravell  Hex/Tmut       0%         3d3       100%        5
 Ozocubu's Refrigeration  Ice            0%         4d5       100%        7
 Call Imp                 Summ           Unusable   N/A       N/A         2

Dungeon Overview and Level Annotations

Branches:
Dungeon (12/15)            Temple (1/1) D:4            Lair (1/6) D:9
    Orc (0/2) D:9         Volcano (1/1)

Altars:
Ashenzari
Hepliaklqana
Makhleb
Okawaru
Xom
Zin

Shops:
D:1 !!??!   D:4 [[[?

Portals:
Trove: D:11 (give 8 scrolls of fog)


Innate Abilities, Weirdness & Mutations

You are too large for most types of armour.
You have tough skin. (AC +1)


Message History

You block the salamander's attack.
You hit the salamander but do no damage.
The salamander is heavily wounded.
Your +0 spectral quarterstaff hits the salamander!
The salamander hits your +0 spectral quarterstaff with a +1 triple sword of flaming!
Your spectral weapon shares its damage with you!
Your +0 spectral quarterstaff is engulfed in flames.
Your +0 spectral quarterstaff resists.
Your spectral weapon shares its damage with you!
The salamander burns your +0 spectral quarterstaff.
Your spectral weapon shares its damage with you!
You hit the salamander but do no damage.
The salamander is severely wounded.
Your +0 spectral quarterstaff completely misses the salamander.
The salamander hits you with a +1 triple sword of flaming!!
You are engulfed in flames!
You resist.
* * * LOW HITPOINT WARNING * * *
The salamander burns you.
* * * LOW HITPOINT WARNING * * *
You barely miss the salamander.
The salamander is severely wounded.
Your +0 spectral quarterstaff hits the salamander but does no damage.
The salamander hits you but does no damage.
You hit the salamander.
The salamander is severely wounded.
Your +0 spectral quarterstaff hits the salamander but does no damage.
The salamander hits your +0 spectral quarterstaff with a +1 triple sword of flaming!!
Your spectral weapon shares its damage with you!
The salamander burns your +0 spectral quarterstaff.
Your +0 spectral quarterstaff fades away.
* * * LOW HITPOINT WARNING * * *
You feel much better.
The salamander hits you with a +1 triple sword of flaming!
* * * LOW HITPOINT WARNING * * *
You are engulfed in flames.
You resist.
* * * LOW HITPOINT WARNING * * *
The salamander burns you.
* * * LOW HITPOINT WARNING * * *
The salamander hits you with a +1 triple sword of flaming!!
You die...

*≈≈≈≈≈≈≈≈≈..####.§≈≈≈≈≈§#≈≈*
*≈≈≈≈≈≈≈≈≈.##..##.≈§§≈§≈≈*≈*
*≈≈≈≈≈≈≈≈..#....#.≈≈≈≈≈≈≈≈**
*≈≈≈≈≈≈≈.≈.'....#.≈§≈≈≈#≈≈**
*≈≈≈≈≈≈≈≈≈^#....#..≈≈≈≈§#≈≈*
*≈≈≈≈≈≈≈...##..##.°≈≈≈≈≈≈≈**
*≈≈≈≈≈≈≈≈§..####..≈≈°≈≈≈≈≈*
*≈≈≈≈≈≈≈≈..§N......≈≈°≈#≈***
*≈≈≈≈≈≈≈≈..@####...≈≈≈°§#≈≈*
*≈≈≈≈≈≈≈≈≈.##..##.≈.§≈≈§≈*≈*
*≈≈≈≈≈≈≈≈≈.#..§)#)≈§≈§§≈#≈**
*≈≈≈≈≈≈≈≈..#[.))§§≈§≈≈≈#≈**
*≈≈≈≈≈≈≈≈≈.#....#§≈§§≈§§#≈*
*≈≈≈≈≈≈≈≈≈.##..##.§.§§≈≈§**
*≈≈≈≈≈≈≈≈≈..####..§§§≈§≈≈≈*
*≈≈≈≈≈≈≈.≈.....°..§§§§≈#§≈**
*≈≈≈≈≈≈≈≈≈..####..§§§≈≈≈#≈≈*


You could see a salamander (fast).

Vanquished Creatures
  Harold (D:7)
  A hydra (D:11)
  5 two-headed ogres
  A salamander (Volcano)
  An ugly thing (D:11)
  A manticore (D:11)
  4 centaur zombies
  3 gargoyles
  An unseen horror (D:11)
  A komodo dragon (Lair:1)
  2 kobold demonologists (D:9)
  A hornet (D:11)
  2 trolls (D:11)
  A slime creature (D:11)
  A vampire (D:11)
  2 shadows (D:10)
  3 wyverns
  4 wraiths (D:11)
  3 basilisks (D:9)
  6 yaks (D:11)
  A fire bat (Volcano)
  2 steam dragons (D:6)
  A vampire mosquito (D:11)
  Duvessa (D:6)
  A hell hound (Volcano)
  2 water moccasins
  A swamp drake (D:9)
  6 orc warriors
  2 sky beasts
  3 necrophages
  An ogre (D:5)
  4 centaurs
  3 kobold brigands
  3 bullfrogs
  2 gnoll sergeants
  A scorpion (D:5)
  A wyvern skeleton (D:7)
  3 water moccasin zombies (D:6)
  Dowan (D:6)
  3 killer bees (D:8)
  12 wights
  2 howler monkeys (D:9)
  A bullfrog zombie (D:5)
  2 jellies
  4 hounds
  2 lava snakes (D:10)
  2 centaur skeletons (D:7)
  7 orc priests
  Jessica (D:2)
  A bullfrog skeleton (D:5)
  3 iguanas
  Natasha (twice) (D:2)
  11 orc wizards
  A killer bee zombie (D:6)
  13 gnolls
  6 adders
  A shadow imp (D:6)
  3 white imps
  A worm (D:2)
  3 dart slugs
  39 orcs
  11 ball pythons
  3 endoplasms
  5 giant cockroaches
  7 goblins
  9 hobgoblins
  4 jackals (D:1)
  20 kobolds
  4 quokkas
  5 bats
  5 frilled lizards
  7 rats
283 creatures vanquished.

Vanquished Creatures (others)
  A komodo dragon (D:9)
  An orc priest (D:9)
  A kobold (D:8)
  A fungus (Lair:1)
  A plant (D:10)
5 creatures vanquished.

Grand Total: 288 creatures vanquished

Notes
Turn   | Place    | Note
-------+----------+-------------------------------------------
     0 | D:1      | mandarbmax the Ogre Gladiator began the quest for the Orb.
     0 | D:1      | Reached XP level 1. HP: 22/22 MP: 1/1
    24 | D:1      | Found Kasirina's Magic Scroll Shop.
   222 | D:1      | Reached XP level 2. HP: 27/31 MP: 2/2
   470 | D:1      | Found Duosch's Distillery.
   478 | D:1      | Reached XP level 3. HP: 30/37 MP: 3/3
   643 | D:1      | Found Aliorut's Magic Scroll Boutique.
   731 | D:1      | Found Duerasipn's Distillery.
   763 | D:1      | Found Dihiemoc's Distillery.
  1008 | D:1      | Found a faded altar of an unknown god.
  1527 | D:2      | Reached XP level 4. HP: 14/46 MP: 4/4
  2307 | D:2      | Noticed Natasha
  2312 | D:2      | Killed Natasha
  2313 | D:2      | Reached XP level 5. HP: 40/54 MP: 5/5
  2679 | D:2      | Noticed Jessica
  2685 | D:2      | Killed Jessica
  2739 | D:2      | Noticed Natasha
  2754 | D:2      | Killed Natasha
  3395 | D:1      | Bought a potion of berserk rage for 60 gold pieces
  3440 | D:1      | Bought a scroll of identify for 26 gold pieces
  3559 | D:3      | Reached skill level 5 in Staves
  3745 | D:3      | Reached XP level 6. HP: 27/63 MP: 6/6
  4038 | D:3      | Identified a scroll of acquirement
  4039 | D:3      | Acquired the amulet "Mubeovul" {Reflect rPois rF+ rC-
                  | Will++ SH+5}
  4411 | D:3      | You fall into a shaft and drop 3 floors!
  4411 | D:6      | Noticed a steam dragon
  4420 | D:6      | Killed a steam dragon
  4421 | D:6      | Reached skill level 5 in Fighting
  4421 | D:6      | Reached XP level 7. HP: 72/72 MP: 7/7
  4430 | D:5      | Entered Level 5 of the Dungeon
  5278 | D:4      | Found Cocaz's Magic Scroll Shop.
  5286 | D:4      | Bought a scroll of teleportation for 30 gold pieces
  5434 | D:1      | Bought a scroll of fear for 45 gold pieces
  5633 | D:4      | Found a staircase to the Ecumenical Temple.
  5687 | Temple   | Entered the Ecumenical Temple
  5741 | Temple   | Became a worshipper of Warmaster Okawaru
  5786 | D:4      | Found Jafaxep's Armour Boutique.
  5807 | D:4      | Found Cullec's Armour Shop.
  5862 | D:4      | Reached XP level 8. HP: 78/83 MP: 8/8
  5887 | D:4      | Found Ettag's Armour Shop.
  5956 | D:4      | Identified the +2 ring mail of Balilass {+Inv Int+2}
  6634 | D:5      | Reached skill level 5 in Dodging
  6829 | D:6      | Reached * piety under Okawaru
  7309 | D:6      | Found a large runed translucent door.
  7311 | D:6      | Found a large runed translucent door.
  7495 | D:6      | Noticed a two-headed ogre
  7523 | D:6      | Killed a two-headed ogre
  7524 | D:6      | Reached XP level 9. HP: 37/96 MP: 9/9
  7915 | D:6      | Noticed Duvessa
  7916 | D:6      | Noticed Dowan
  7927 | D:6      | Killed Duvessa
  7932 | D:6      | Killed Dowan
  7932 | D:6      | Reached ** piety under Okawaru
  8350 | D:6      | Reached skill level 1 in Invocations
  8694 | D:6      | Reached skill level 1 in Evocations
  8812 | D:1      | Bought a potion of heal wounds for 60 gold pieces
  9147 | D:6      | Found a broken altar of Ashenzari.
  9151 | D:6      | Found a glowing silver altar of Zin.
  9911 | D:7      | Noticed Harold
  9946 | D:7      | Killed Harold
  9946 | D:7      | Reached *** piety under Okawaru
  9947 | D:7      | Reached skill level 10 in Staves
  9947 | D:7      | Reached XP level 10. HP: 59/107 MP: 10/12
 11877 | D:1      | Bought a potion of invisibility for 96 gold pieces
 11997 | D:4      | Bought a scroll of magic mapping for 35 gold pieces
 12115 | D:1      | Bought a scroll of enchant weapon for 97 gold pieces
 12711 | D:9      | Found a staircase to the Orcish Mines.
 12994 | D:9      | Noticed a kobold demonologist
 13002 | D:9      | Killed a kobold demonologist
 13006 | D:9      | Noticed a kobold demonologist
 13021 | D:9      | Killed a kobold demonologist
 13021 | D:9      | Reached **** piety under Okawaru
 13196 | D:9      | Reached skill level 10 in Fighting
 13713 | D:9      | Found a staircase to the Lair.
 13872 | D:9      | Reached XP level 11. HP: 115/118 MP: 14/14
 13906 | D:10     | Entered Level 10 of the Dungeon
 15237 | D:11     | Noticed a manticore
 15255 | D:11     | Killed a manticore
 15255 | D:11     | Reached ***** piety under Okawaru
 15580 | D:11     | Noticed a two-headed ogre
 15615 | D:10     | Killed a two-headed ogre
 15795 | D:11     | Received a gift from Okawaru
 15796 | D:11     | Reached skill level 5 in Throwing
 15859 | D:11     | Noticed a purple ugly thing
 15865 | D:11     | Killed a purple ugly thing
 15865 | D:11     | Received a gift from Okawaru
 15918 | D:11     | Noticed a four-headed hydra
 15921 | D:11     | Killed a four-headed hydra
 16029 | D:11     | Noticed a cyclops
 16035 | D:11     | Noticed a red ugly thing
 16426 | D:11     | Reached XP level 12. HP: 76/132 MP: 12/15
 16833 | D:11     | Found a portal to a secret trove of treasure.
 17527 | Lair:1   | Entered Level 1 of the Lair of Beasts
 17604 | Lair:1   | Found a dark tunnel.
 17613 | Volcano  | Entered a volcano
 17664 | Volcano  | Noticed a two-headed ogre
 17664 | Volcano  | Noticed a two-headed ogre
 17675 | Volcano  | Killed a two-headed ogre
 17677 | Volcano  | Killed a two-headed ogre
 17683 | Volcano  | Received a gift from Okawaru
 17870 | Volcano  | Noticed a two-headed ogre
 17873 | Volcano  | Killed a two-headed ogre
 18184 | Volcano  | Slain by a salamander

Illustrated notes

Levels and vault maps discovered:
D:1:      roderic_crossed_star, layout_basic, serial_shops,
          nicolae_shop_waterfront, shop, shop, shop, nicolae_lakefront_shop,
          nicolae_ecumenical_snake_handling
D:2:      layout_loops_ring, uniq_natasha, uniq_jessica
D:3:      layout_basic
D:4:      layout_basic, minmay_temple_entry_trees, serial_shops,
          kennysheep_little_box, nicolae_diamond_shop, shop, shop_fountains
D:5:      layout_gridville
D:6:      layout_layer_cave, jmf_multi_god_temple2, minmay_splitting_lines,
          amcnicky_mini_corridor_feature, uniq_duvessa
D:7:      layout_loops_corners, uniq_harold
D:8:      layout_cave_pools, minivault_22, minmay_misc_feat_room
D:9:      layout_basic, erik_lair_dragon, orc_0_dummy,
          nicolae_concentric_dashed_squares_wild
D:10:     layout_big_octagon, serial_bayou_crossing
D:11:     layout_long_grid, enter_trove_3, minmay_alternating_orb
D:12:     layout_cave_pools
Temple:   mainiacjoe_temple_big_plus
Lair:1:   layout_roguey, enter_volcano_2, chequers_serial_rivers_micro_e,
          grunt_megastairs_5
Volcano:  volcano_village

Skill      XL: |  1  2  3  4  5  6  7  8  9 10 11 12 |
---------------+-------------------------------------+-----
Fighting       | 3 4 5 6 8 9 10 11 12 | 12.7
Dodging        | 3 4 6 7 8 9 |  9.3
Staves         | 4 5 7 9 10 11 12 | 12.4
Invocations    | 3 4 |  4.0
Evocations     | 2 3 4 |  4.0
Throwing       | 3 5 6 |  6.9

Action                   |  1- 3 |  4- 6 |  7- 9 | 10-12 || total
-------------------------+-------+-------+-------+-------++-------
Melee: Quarterstaff      |    79 |   106 |   322 |   568 ||  1075
Throw: Dart              |    14 |    80 |    83 |    89 ||   266
       Large rock        |       |     4 |     4 |    27 ||    35
       Throwing net      |       |     1 |     2 |       ||     3
       Boomerang         |       |       |    15 |    43 ||    58
Invok: Heroism           |       |       |       |     8 ||     8
Evoke: Wand              |       |       |       |    12 ||    12
  Use: Potion            |     2 |     2 |     2 |     3 ||     9
       Scroll            |       |     5 |     8 |    15 ||    28
 Stab: Sleeping          |       |     3 |     1 |     1 ||     5
       Confused          |       |       |       |     1 ||     1
       Distracted        |       |       |       |     3 ||     3
Armor: Robe              |    18 |    23 |     1 |       ||    42
       Skin              |     3 |    15 |       |       ||    18
       Steam dragon scal |       |       |    72 |   139 ||   211
Dodge: Dodged            |    49 |    60 |   130 |   243 ||   482
Block: Other             |       |     5 |    48 |    96 ||   149
       Reflection        |       |       |     1 |     7 ||     8

Table legend: (Time is in decaauts)
 A = Elapsed time spent in this place.
 B = Non-inter-level travel time spent in this place.
 C = Inter-level travel time spent in this place.
 D = Time resting spent in this place.
 E = Time spent auto-exploring this place.
 F = Levels seen in this place.
 G = Mean time per level.
                   A        B        C        D        E       F      G
               +--------+--------+--------+--------+--------+-----+--------+
         Total |  18076 |  16015 |   2061 |   2733 |  10824 |  15 | 1205.1 |
       Dungeon |  17340 |  15317 |   2023 |   2294 |  10769 |  12 | 1445.0 |
        Temple |     92 |     54 |     38 |      0 |     50 |   1 |   92.0 |
          Lair |     82 |     82 |      0 |      0 |      0 |   1 |   82.0 |
       Volcano |    560 |    560 |      0 |    439 |      4 |   1 |  560.0 |
               +--------+--------+--------+--------+--------+-----+--------+

Top non-repeatable levels by time:
     D:6: 2297 daAuts
    D:11: 1970 daAuts
     D:2: 1835 daAuts
     D:3: 1757 daAuts
     D:7: 1737 daAuts
     D:1: 1679 daAuts
     D:9: 1606 daAuts
    D:10: 1465 daAuts
     D:4: 1059 daAuts
     D:5: 1058 daAuts
     D:8: 856 daAuts
 Volcano: 560 daAuts
  Temple: 92 daAuts
  Lair:1: 82 daAuts
    D:12: 16 daAuts
